AoeStats
← bullseyes

African Clearing

505835520Analyzed
4v4 RM · 22d ago on Sep 11, 2026· 45m 3s· 8 players
Game mode
Random Map
Map size
Large (8 player)
Population
200
Speed
Normal
Resources
Standard
Victory
Conquest
Starting age
Dark Age
Ending age
Imperial Age
RankedLock teamsTeams togetherTeam positionsShared explorationLock speedFull tech treeHidden civsTurbo modeCheats
Victory
Defeat
🇬🇧 Poles · United Kingdom
1741
+9
🇨🇳 Persians · China
1730
+9
🇩🇰 Mapuche · Denmark
1725
+10
🇪🇸 Khmer · Spain
1549
+16
🇧🇪 Lithuanians · Belgium
1616
-13
🇨🇳 Wu · China
1585
-11
🇺🇸 Franks · United States
1572
-11
🇻🇳 Aztecs · Vietnam
1526
-9
[DOV] The_GothFather
5:39 Loom
12:15 Feudal Age
13:25 Double-Bit Axe
19:11 Castle Age
30:25 Scale Mail Armor
31:05 Pikeman
31:46 Squires
35:14 Bow Saw
35:02 Fletching
42:07 Wheelbarrow
43:32 Gold Mining
43:35 Stone Mining
44:02 Gold Mining
灵魂恰恰恰
12:08 Feudal Age
12:53 Loom
12:56 Double-Bit Axe
15:29 Horse Collar
16:26 Fletching
21:44 Castle Age
22:00 Gold Mining
22:54 Bodkin Arrow
27:03 Bow Saw
29:34 Wheelbarrow
29:33 Red Cliffs Tactics
31:59 Stone Mining
32:54 Hand Cart
34:29 Ballistics
34:10 Padded Archer Armor
38:04 Imperial Age
35:21 Town Watch
35:10 Pikeman
37:53 Scale Mail Armor
38:15 Halberdier
40:25 Chain Mail Armor
40:20 Forging
42:30 Plate Mail Armor
42:59 Squires
Cuong Boss
12:00 Loom
13:48 Feudal Age
18:43 Castle Age
17:05 Double-Bit Axe
24:07 Gold Mining
24:34 Bow Saw
24:54 Horse Collar
26:05 Fervor
29:09 Sanctity
30:32 Squires
31:15 Redemption
31:48 Fletching
32:34 Wheelbarrow
34:15 Pikeman
42:48 Town Watch
bullseyes
9:51 Loom
12:20 Feudal Age
15:04 Town Watch
16:12 Double-Bit Axe
20:09 Castle Age
19:19 Fletching
20:03 Gold Mining
19:58 Horse Collar
21:12 Bow Saw
22:50 Bodkin Arrow
25:33 Husbandry
lizanan
4:21 Loom
12:25 Feudal Age
13:38 Double-Bit Axe
22:35 Castle Age
20:56 Scale Barding Armor
21:02 Forging
21:05 Bloodlines
CristinaLover
6:01 Loom
13:43 Feudal Age
17:19 Castle Age
15:38 Double-Bit Axe
20:17 Gold Mining
22:53 Horse Collar
25:23 Bow Saw
29:10 Forging
30:07 Wheelbarrow
32:47 Gold Shaft Mining
32:03 Stone Mining
34:15 Devotion
36:24 Heavy Plow
37:22 Iron Casting
38:44 Hand Cart
44:09 Imperial Age
41:51 Fletching
42:02 Padded Archer Armor
43:27 Malon
44:10 Elite Kona
45:12 Conscription
45:54 Blast Furnace
44:50 Bodkin Arrow
44:29 Capped Ram
Torpedo
12:57 Loom
15:15 Feudal Age
19:21 Castle Age
17:12 Double-Bit Axe
17:08 Horse Collar
17:19 Gold Mining
17:21 Stone Mining
20:00 Fletching
20:20 Bow Saw
23:59 Town Watch
25:21 Scale Barding Armor
26:01 Wheelbarrow
27:01 Chain Barding Armor
27:59 Szlachta Privileges
28:30 Bloodlines
28:31 Forging
28:50 Husbandry
33:25 Iron Casting
35:24 Bodkin Arrow
42:38 Padded Archer Armor
45:52 Imperial Age
44:14 Hand Cart
44:00 Heavy Plow
43:30 Elite Skirmisher
43:30 Crossbowman
44:55 Thumb Ring
jijiojojo
13:49 Feudal Age
13:16 Loom
17:41 Castle Age
15:29 Double-Bit Axe
15:35 Fishing Lines
18:57 Bow Saw
18:55 Horse Collar
19:49 Heavy Plow
21:44 Wheelbarrow
22:26 Gillnets
24:15 Scale Barding Armor
24:59 Bloodlines
24:57 Husbandry
26:22 Chain Barding Armor
28:25 Light Cavalry
29:45 Gold Mining
29:46 Stone Mining
39:44 Imperial Age
39:24 Cavalier
40:16 Forging
40:50 Plate Barding Armor
40:26 Forging
41:00 Hand Cart
40:55 Savar
41:55 Hussar
43:34 Coinage
43:40 Iron Casting
43:22 Capped Ram
45:23 Blast Furnace
44:41 Siege Ram
Connection lost

Rejoining the realm…

Still unreachable

The connection could not be restored.

Session expired

The server has moved on; the page needs a fresh start.